 Dungeon Crawl Stone Soup version 0.13-a0-2606-g170388b (webtiles) character file.

588186 JacquesDerrida the Imperceptible (level 25, -47/170 (187) HPs)
             Began as a Vampire Enchanter on Aug 1, 2013.
             Was the Champion of Ashenzari.
             Annihilated by an Orb Guardian (61 damage)
             ... on Level 5 of the Realm of Zot on Aug 4, 2013.
             The game lasted 07:06:00 (85089 turns).

JacquesDerrida the Imperceptible (VpEn)            Turns: 85089, Time: 07:06:02

HP -47/170 (187) AC  0     Str  4      XL: 25   Next: 50%
MP  32/41        EV 39     Int 22      God: Ashenzari [******]
Gold 2834        SH  0     Dex 19 (20) Spells: 15 memorised,  1 level left

Res.Fire  : . . .   See Invis. : +   M - melded +2 rod of warding (9/9)
Res.Cold  : + + .   Warding    : .   H - melded +3 leather armour {rF+} (curse)
Life Prot.: + + +   Conserve   : +   S - melded +2 buckler {rF+} (curse)
Res.Poison: +       Res.Corr.  : .   c - melded +2 hat of the Alchemist {rElec rF+ rC+ MR+ Res.Elec. : . Clarity : + Q - melded +2 cloak {rCorr, Cons} (curse)
Sust.Abil.: . .     Spirit.Shd : .   Z - melded +0 pair of gloves of the Present {Str+2 De Res.Mut. : . Stasis : . D - melded +2 pair of boots {run} (curse) Res.Rott. : + Flight : + b - amulet "Claor" {Cons Stlth++} Saprovore : . . . L - melded cursed +5,+5 ring of slaying F - melded ring of the Shining Light {+Rage rElec Dex

@: bat-form, regenerating slowly, flying, very quick, very resistant to hostile
enchantments, extraordinarily stealthy
A: bottle blood, (fangs 0), see invisible, (deformed body), (spit poison 0),
(unbreathing)
a: Bottle Blood, End Transformation, Scrying, Transfer Knowledge, Renounce
Religion
}: 4/15 runes: serpentine, barnacled, slimy, silver


You were on level 5 of the Realm of Zot.
You worshipped Ashenzari.
Ashenzari was exalted by your worship.
You were near bloodless.
You were in vampire bat-form.
You visited 12 branches of the dungeon, and saw 74 of its levels.
You visited 1 bazaar.
You also visited: Labyrinth, Trove, Sewer and Volcano.

You collected 9551 gold pieces.
You spent 6737 gold pieces at shops.

Inventory:

Hand weapons
 a - a +8 blowgun of evasion
 X - a +8,+9 elven quick blade
Missiles
 i - 6 needles of confusion
 r - 6 needles of paralysis
 t - 5 curare-tipped needles
 C - 7 needles of frenzy
Armour
 c - the cursed +2 hat of the Alchemist (melded) {rElec rF+ rC+ MR+}
   (You bought it in a shop on level 1 of the Elven Halls)

   It protects you from fire.
   It protects you from cold.
   It insulates you from electricity.
   It affects your resistance to hostile enchantments.
   It has a curse placed upon it.
 D - a cursed +2 pair of boots of running (melded)
 H - a cursed +3 leather armour of fire resistance (melded)
 Q - a cursed +2 cloak of preservation (melded)
 S - a cursed +2 buckler of fire resistance (melded)
 Z - the +0 pair of gloves of the Present (melded) {Str+2 Dex+4}
   (You found it on level 8 of the Lair of Beasts)

   It affects your strength (+2).
   It affects your dexterity (+4).
Magical devices
 m - a wand of digging (21)
 O - a wand of teleportation (7)
 Y - a wand of hasting (9)
Scrolls
 e - 2 scrolls of blinking
 k - 3 scrolls of magic mapping
 B - 5 scrolls of fog
Jewellery
 b - the amulet "Claor" (around neck) {Cons Stlth++}
   (You found it on level 6 of the Pits of Slime)

   [amulet of conservation]

   It makes you much more stealthy.
 g - an uncursed amulet of conservation
 l - an uncursed amulet of stasis
 p - the amulet "Doscho Pheg" {Ward Str+2 Dex+1}
   (You took it off a deep elf summoner on level 2 of the Elven Halls)

   [amulet of warding]

   It affects your strength (+2).
   It affects your dexterity (+1).
 y - a -3,+6 ring of slaying
 F - the ring of the Shining Light (melded) {+Rage rElec Dex+3}
   (You took it off a centaur warrior on level 4 of the Vaults)

   [ring of dexterity]

   It affects your dexterity (+3).
   It insulates you from electricity.
   It lets you go berserk.
 L - a cursed +5,+5 ring of slaying (melded)
Potions
 o - 3 potions of heal wounds
 q - a potion of agility
 E - 2 potions of curing
 T - 2 potions of restore abilities
 U - 2 potions of resistance
Miscellaneous
 d - a fan of gales
 h - a phial of floods
 v - a lantern of shadows
 w - a phial of floods
 z - a lamp of fire
 I - a fan of gales
 P - a phial of floods
 V - a lamp of fire
 W - a lamp of fire
Rods
 M - a +2 rod of warding (9/9) (melded)
   (You found it on level 3 of the Elven Halls)


   Skills:
 - Level 13.5 Fighting
 - Level 10.0 Short Blades
 - Level 14.8 Throwing
 - Level 0.8 Armour
 - Level 17.9(20.2) Dodging
 - Level 23.5(25.6) Stealth
 - Level 12.1(14.8) Shields
 - Level 13.1 Spellcasting
 - Level 18.6 Hexes
 - Level 12.2 Charms
 - Level 5.1 Translocations
 - Level 4.0 Ice Magic
 - Level 6.0 Air Magic
 + Level 17.0 Evocations


You had one spell level left.
You knew the following spells:

 Your Spells              Type           Power        Failure   Level  Hunger
a - Flight                Chrm/Air       ######....   3%          3    None
b - Ensorcelled Hibernat  Hex/Ice        ######       1%          2    None
c - Confuse               Hex            #######.     1%          3    None
d - Invisibility          Hex            #######.     3%          6    #####..
e - Repel Missiles        Chrm/Air       ######....   2%          2    None
f - Swiftness             Chrm/Air       ######....   2%          2    None
g - Warp Weapon           Chrm/Tloc      ######....   12%         5    ###....
h - Blink                 Tloc           N/A          4%          2    None
i - Control Teleport      Chrm/Tloc      ######....   6%          4    None
j - Haste                 Chrm           ######..     14%         6    #####..
k - Apportation           Tloc           #####.....   4%          1    None
l - Silence               Hex/Air        ######....   4%          5    ###....
m - Fire Brand            Chrm/Fire      #####.....   4%          2    None
n - Freezing Aura         Chrm/Ice       ######....   2%          2    None
o - Enslavement           Hex            #######.     1%          4    None


Dungeon Overview and Level Annotations

Branches:
Dungeon (27/27)            Temple (1/1) D:6             Orc (4/4) D:11
    Elf (3/3) Orc:4          Lair (8/8) D:13         Shoals (5/5) Lair:4
  Snake (5/5) Lair:3        Slime (6/6) Lair:8       Vaults (5/5) D:16
  Blade (1/1) Vaults:4      Crypt (4/5) Vaults:2       Tomb (0/3) Crypt:3
    Zot (5/5) D:27

Altars:
Ashenzari
Cheibriados
Elyvilon
Fedhas
Kikubaaqudgha
Makhleb
Nemelex Xobeh
Okawaru
Sif Muna
Trog
Vehumet
Xom
Yredelemnul
Zin
the Shining One
Beogh

Shops:
D:10: ( D:11: ? D:15: * D:17: ( D:20: ( Orc:1: ? Orc:4: */[} Elf:1: ((+[ Shoals:2: [ Vaults:1: % Vaults:5: *

Portals:
Hell: D:21 D:22 D:23 D:24 D:25 D:26 D:27
Abyss: D:22 D:25
Pandemonium: D:24

Annotations
D:5 exclusion: jelly
D:16 exclusion: Roxanne, Roxanne
Shoals:1 exclusion: oklob plant
Zot:5 Time to meet the maker, exclusion: orange crystal statue
Abyss:1 Norris


Innate Abilities, Weirdness & Mutations

You heal slowly.
You can bottle blood from corpses.
((You have razor-sharp teeth.))*
You have supernaturally acute eyesight.
((You can survive without breathing.))*
((Armour fits poorly on your strangely shaped body.))*
((Your magical capacity is low (-10% MP).))+ ((You can spit poison.))+


Message History

Current level annotation: New annotation for Zot:5 (include '!' for warning): That didn't work!
Current level annotation: That didn't work!
New annotation for Zot:5 (include '!' for warning): Time to meet the maker Read which item? (? for menu, Esc to quit)
Okay, then.
You can't do that in your present form.
Read which item? (? for menu, Esc to quit)
As you read the scroll of fog, it crumbles to dust.
The scroll dissolves into smoke.
You start to feel a little slower.
The Orb Guardian completely misses you.
Read which item? (? for menu, Esc to quit)
As you read the scroll of fog, it crumbles to dust.
The scroll dissolves into smoke.
You feel a little less agile now. The Orb Guardian hits you.
* * * LOW HITPOINT WARNING * * *
The Orb Guardian hits you!
You die...

,,,,...........######## ##
,,,,,............##### ##.
,,,,,,............########### #{.
,,,,,,,...........###.^.....###{.
,,,,,,,..........##.........##..
,,,,,,,,,.....)...#XXy.y......#..
,,,,,, ,,.......yXXX{.X.y.....DX*
,,,,,,,....?.)§XX#{.{{X.....X#{.
,,,,,,, L.....§§b§##{{X.{....##..
,,,,,,,,.......§§§###.X.....###..
,,,,,,, ,.......§.# ######### #..
,,,,,,,,,........## ##.
,,,,,,,,,......### *# ,,,,,
,,,,..###* *** *******#*


You could see 7 Orb Guardians and 2 moths of wrath.

Vanquished Creatures
  the royal jelly (Slime:6)
  2 ancient liches (Zot:5)
  Boris (Crypt:3)
  Lamia (Snake:4)
  2 golden dragons
  Jory (Vaults:3)
  Nikola (Elf:1)
  2 bone dragons
  3 tentacled monstrosities
  7 Orb Guardians (Zot:5)
  A lich (D:27)
  2 deep elf blademasters (Elf:3)
  4 acid blobs
  2 deep elf master archers (Elf:3)
  A sphinx (Vaults:3)
  4 storm dragons
  A kraken (Shoals:5)
  Rupert (Lair:5)
  Agnes (Elf:2)
  Frances (D:18)
  3 ancient champions
  8 tengu reavers
  7 shadow dragons
  2 revenants
  The ghost of floatRand the Tortoise, a mighty DjFi of Okawaru (D:21)
  2 draconian monks (D:27)
  An azure jelly (Slime:6)
  Ilsuiw (Shoals:5)
  4 fire giants
  Donald (Crypt:3)
  Wiglaf (Elf:2)
  5 frost giants
  9 vault wardens
  10 deep elf sorcerers
  Louise (Elf:3)
  2 curse skulls
  A draconian zealot (D:27)
  Gastronok (Lair:3)
  Jorgrun (Crypt:3)
  A draconian annihilator (D:27)
  6 greater nagas (Snake:5)
  The ghost of CryptoCactus the Carver, a powerful LOFE of Vehumet (D:14)
  40 stone giants
  A draconian shifter (Zot:1)
  2 draconian callers (Zot:1)
  2 eidola (Crypt:2)
  3 grey draconians
  A vampire knight (Crypt:4)
  2 green draconians
  8 deep elf annihilators (Elf:3)
  3 mottled draconians
  Azrael (D:16)
  7 deep elf demonologists
  8 merfolk javelineers
  A yellow draconian (D:27)
  A red draconian (Zot:1)
  3 black draconians (D:27)
  An unborn deep dwarf (Vaults:2)
  2 purple draconians (Zot:1)
  2 pale draconians
  3 ettins
  Snorg (Elf:2)
  7 deep elf death magi
  A minotaur (Lab)
  2 merfolk impalers (Shoals:5)
  12 vault guards
  9 jiangshi
  5 sirens
  14 ironheart preservers
  A death cob (Zot:4)
  2 merfolk aquamancers (Shoals:5)
  34 yaktaur captains
  10 dragons
  3 deep elf high priests (Elf:3)
  Fannar (D:12)
  Harold (Lair:1)
  3 great orbs of eyes
  4 ravenous feature mimics
  An alligator (shapeshifter) (Vaults:5)
  20 dancing weapons
  7 anacondas
  8 ice dragons
  18 hydras
  19 ogre magi
  4 deep dwarf death knights
  20 deep troll earth magi
  A spriggan druid (D:19)
  An anaconda (shapeshifter) (D:25)
  9 deep troll shamans
  4 death yaks (Lair:8)
  An orc high priest (D:24)
  2 rakshasas
  3 vampire magi
  2 spectral elves
  11 naga warriors
  Urug (Shoals:1)
  3 plague shamblers
  22 centaur warriors
  A catoblepas (Lair:8)
  10 very ugly things
  A storm dragon zombie (Vaults:1)
  A soul eater (D:27)
  An iron golem (D:19)
  Nergalle (Snake:1)
  A water nymph (shapeshifter) (D:23)
  6 iron trolls
  A fire crab (shapeshifter) (Elf:2)
  16 deep elf knights
  14 skeletal warriors
  2 storm dragon skeletons
  2 shadow demons (Elf:2)
  10 unseen horrors
  2 death drakes (shapeshifter)
  2 swamp dragons (shapeshifter)
  39 deep trolls
  11 harpies
  A hill giant (shapeshifter) (Vaults:5)
  3 shadow wraiths
  3 sea snakes
  A dryad (shapeshifter) (Vaults:5)
  A giant orange brain (D:23)
  9 giant amoebae
  3 wizards
  13 hill giants
  12 ironbrand convokers
  2 wolf spider zombies
  14 deep elf conjurers
  4 flayed ghosts
  5 necromancers
  5 griffons
  A fire giant zombie (Crypt:1)
  4 wolf spiders
  13 phantasmal warriors
  2 shining eyes
  A sixfirhy (D:27)
  23 orc knights
  2 stone giant zombies
  A griffon (shapeshifter) (D:24)
  2 wolf spiders (shapeshifter)
  A frost giant zombie (Crypt:1)
  An oklob plant (D:15)
  3 orc sorcerers
  A red wasp (D:25)
  9 moths of wrath
  8 cyclopes
  A spiny worm (shapeshifter) (D:26)
  26 black mambas
  13 stone giant skeletons
  4 spiny worms
  16 elephants
  A fire giant skeleton (D:21)
  7 frost giant skeletons
  7 vault sentinels
  A dire elephant zombie (Crypt:1)
  4 feature mimics
  An elephant slug zombie (Crypt:1)
  A queen ant (D:12)
  8 deep elf summoners
  An orange demon (Elf:3)
  A satyr skeleton (Crypt:1)
  10 spiny frogs
  A storm dragon simulacrum (Vaults:2)
  An item mimic (Elf:2)
  2 smoke demons (Elf:2)
  A blue devil (Elf:2)
  11 deep elf priests
  8 komodo dragons
  An ancient bear zombie (Crypt:1)
  55 yaktaurs
  24 naga magi
  An iron devil (Elf:2)
  A queen bee (shapeshifter) (D:22)
  An iron troll zombie (D:18)
  5 fire drakes
  A guardian mummy (Crypt:3)
  A jumping spider (Vaults:5)
  A black draconian skeleton (Crypt:1)
  3 silent spectres
  A water elemental (D:26)
  12 trolls
  40 two-headed ogres
  7 mermaids
  A red devil (Elf:2)
  2 iron troll skeletons
  6 boulder beetles
  A polar bear (shapeshifter) (D:20)
  Prince Ribbit (D:8)
  20 blink frogs
  3 ettin zombies
  66 slime creatures
  An octopode (shapeshifter) (D:23)
  A baby alligator (shapeshifter) (Elf:3)
  A harpy skeleton (Crypt:1)
  A red wasp zombie (D:18)
  A trapdoor spider zombie (D:12)
  8 flying skulls
  11 snapping turtles
  2 grizzly bears
  3 basilisks
  8 vampires
  5 brown oozes
  11 wraiths
  32 deep elf magi
  A trapdoor spider (D:18)
  A dragon skeleton (D:18)
  2 hogs (D:13)
  A chaos spawn (Elf:3)
  3 shadows
  2 redbacks (Vaults:5)
  A griffon skeleton (Crypt:1)
  7 sharks
  A tarantella (shapeshifter) (D:19)
  A wyvern (D:17)
  A ynoxinul (Elf:2)
  4 hungry ghosts
  3 elephant slugs
  A spiny worm zombie (D:20)
  147 ugly things
  2 golden eyes (Slime:5)
  57 yaks
  2 fire elementals (D:16)
  39 merfolk
  A redback simulacrum (Crypt:1)
  A steam dragon (Lair:3)
  42 vampire mosquitoes
  2 neqoxecs (Elf:2)
  32 deep elf fighters
  A hill giant skeleton (D:16)
  3 rock worms
  23 hippogriffs
  20 manticores
  A dryad zombie (Crypt:2)
  A hippogriff (shapeshifter) (Vaults:1)
  An agate snail zombie (D:17)
  13 wolves
  Edmund (D:4)
  2 porcupines
  9 hell hounds
  A soldier ant (shapeshifter) (Vaults:5)
  63 nagas
  A baby alligator zombie (Crypt:2)
  A necrophage (D:8)
  7 ice beasts
  2 deep troll skeletons
  An ice beast (shapeshifter) (D:23)
  3 sky beasts
  46 orc warriors
  22 soldier ants
  A draconian skeleton (Crypt:1)
  A merfolk zombie (Crypt:1)
  A lost soul (Vaults:5)
  6 mottled dragons
  4 yellow wasps
  38 centaurs
  7 humans
  14 freezing wraiths
  A phantom (Crypt:2)
  4 black bears
  A sky beast (shapeshifter) (D:23)
  2 ettin simulacra
  An ogre (shapeshifter) (D:27)
  An elephant skeleton (Crypt:3)
  4 boring beetles
  4 kobold demonologists
  A boring beetle (shapeshifter) (D:14)
  13 crocodiles
  A fire crab zombie (Crypt:1)
  86 ogres
  13 wargs
  A lava worm (D:18)
  4 big kobolds
  2 brain worms
  3 yaktaur zombies
  13 giant slugs
  2 giant slug zombies
  Blork the orc (D:4)
  2 cyclops zombies
  4 yaktaur skeletons
  2 wyvern zombies
  8 agate snails
  A giant frog (shapeshifter) (Vaults:5)
  18 giant frogs
  A komodo dragon skeleton (Crypt:3)
  32 water moccasins
  2 boulder beetle zombies
  10 killer bees
  2 rock worm zombies (D:12)
  A grizzly bear skeleton (Crypt:2)
  3 eyes of draining
  A hippogriff zombie (Crypt:3)
  A yak skeleton (Crypt:1)
  A yak zombie (Crypt:1)
  A vampire bat (D:13)
  15 wights
  A hippogriff skeleton (D:5)
  A yellow wasp zombie (D:12)
  5 electric eels
  15 crimson imps
  A boring beetle zombie (Vaults:2)
  A wolf zombie (Crypt:1)
  2 giant frog zombies
  A gnoll shaman (D:8)
  2 centaur zombies
  A big fish (Sewer)
  2 lava snakes (D:18)
  A yaktaur simulacrum (Crypt:1)
  13 hounds
  An iron imp (Elf:3)
  A two-headed ogre zombie (D:11)
  2 giant frog skeletons
  4 iguanas
  26 orc priests
  5 scorpions
  33 orc wizards
  29 worker ants
  A big kobold zombie (Crypt:1)
  A jelly (shapeshifter) (Vaults:5)
  15 sheep
  5 jellies
  A boring beetle simulacrum (Crypt:1)
  2 boggarts (Elf:2)
  14 mummies
  10 gnolls
  3 worker ant zombies
  46 adders
  7 giant centipedes
  A shadow imp (Elf:2)
  3 giant mites
  An inept feature mimic (D:3)
  A white imp (Elf:2)
  48 green rats
  6 worms
  A goliath beetle zombie (D:12)
  An ufetubus (Elf:3)
  A scorpion zombie (D:5)
  A giant centipede zombie (D:14)
  3 grey rats
  3 giant eyeballs
  9 giant geckos
  An ooze (Slime:5)
  174 orcs
  A ball python (D:3)
  A bat skeleton (D:7)
  4 giant cockroaches
  A gnoll zombie (Crypt:4)
  15 goblins
  23 hobgoblins
  23 jackals
  14 quokkas
  42 bats
  3 giant newts
  5 giant spores
  A grey rat skeleton (Crypt:4)
  10 illusory rakshasas (Vaults:1)
  27 kobolds
  A lava orc zombie (Crypt:3)
  An orc skeleton (D:6)
  An orc zombie (D:7)
  24 rats
  A rat skeleton (Crypt:3)
  38 ballistomycetes
  2 crawling corpses (Elf:2)
  3 fungi
2858 creatures vanquished.

Vanquished Creatures (collateral kills)
  An ancient lich (Vaults:5)
  4 tentacled monstrosities
  A titan (D:26)
  A shadow dragon (Vaults:5)
  A frost giant (Vaults:5)
  Aizul (D:16)
  2 vault wardens
  4 stone giants
  A deep elf annihilator (D:26)
  13 vault guards (Vaults:5)
  A great orb of eyes (Vaults:4)
  2 ironheart preservers
  2 ogre magi
  7 yaktaur captains
  A deep troll shaman (Vaults:5)
  A deep troll earth mage (Vaults:4)
  An iron troll (Vaults:4)
  8 deep trolls
  An ironbrand convoker (Vaults:5)
  A faun (shapeshifter) (Vaults:4)
  A deep elf conjurer (Vaults:4)
  A phantasmal warrior (Vaults:4)
  A vault sentinel (Vaults:4)
  2 yaktaurs
  5 two-headed ogres
  2 redbacks
  A flying skull (Crypt:2)
  An ugly thing (Vaults:4)
  A deep elf fighter (Vaults:4)
  9 ogres
  A mummy (Crypt:2)
  An adder (Snake:5)
  A lemure (Vaults:4)
81 creatures vanquished.

Vanquished Creatures (others)
  Frederick (D:23)
  The ghost of winlu the Impaler, a mighty DsBe of Trog (Crypt:2)
  A greater naga (Snake:5)
  5 vault guards (Vaults:5)
  A jiangshi (Crypt:1)
  A deep elf high priest (Vaults:5)
  A siren (Shoals:4)
  An alligator (shapeshifter) (Vaults:5)
  2 naga warriors (Snake:5)
  2 deep trolls (Vaults:5)
  A giant amoeba (Slime:5)
  An ironbrand convoker (Vaults:4)
  A deep elf conjurer (Elf:1)
  An alligator snapping turtle zombie (Crypt:2)
  5 fire elementals
  A dire elephant skeleton (Crypt:1)
  A mermaid (Shoals:4)
  A yaktaur (Vaults:4)
  2 naga magi (Snake:5)
  12 water elementals
  A two-headed ogre (Vaults:4)
  A flying skull (Crypt:4)
  A redback (Vaults:5)
  2 deep elf magi (Elf:3)
  An ugly thing (Vaults:4)
  A merfolk (Shoals:4)
  2 chimeras
  A freezing wraith (Crypt:2)
  An earth elemental (D:16)
  A black bear (shapeshifter) (Vaults:5)
  A naga (Snake:3)
  A lost soul (Crypt:3)
  A water moccasin (Snake:3)
  A human simulacrum (D:13)
  2 orcs
  2 giant spores
  2 plants
64 creatures vanquished.

Grand Total: 3003 creatures vanquished

Notes
Turn   | Place    | Note
--------------------------------------------------------------
     0 | D:1      | JacquesDerrida, the Vampire Enchanter, began the quest for the Orb.
     0 | D:1      | Reached XP level 1. HP: 13/13 MP: 4/4
   278 | D:1      | Reached XP level 2. HP: 2/19 MP: 3/5
   477 | D:1      | Learned a level 2 spell: Ensorcelled Hibernation
   739 | D:1      | Reached XP level 3. HP: 24/24 MP: 4/7
  1547 | D:2      | Reached skill level 5 in Hexes
  1680 | D:2      | Learned a level 3 spell: Confuse
  1727 | D:2      | Reached XP level 4. HP: 30/30 MP: 3/9
  2065 | D:3      | Noticed a giant frog
  2101 | D:3      | Killed a giant frog
  2101 | D:3      | Reached skill level 6 in Hexes
  2101 | D:3      | Reached XP level 5. HP: 35/35 MP: 7/10
  2778 | D:3      | Noticed a centaur
  2784 | D:3      | Killed a centaur
  2784 | D:3      | Reached skill level 5 in Short Blades
  2784 | D:3      | Reached skill level 7 in Hexes
  2784 | D:3      | Reached XP level 6. HP: 26/41 MP: 7/12
  4126 | D:4      | Noticed Edmund
  4158 | D:4      | Killed Edmund
  4158 | D:4      | Reached skill level 8 in Hexes
  4158 | D:4      | Reached XP level 7. HP: 44/46 MP: 3/13
  4571 | D:4      | Noticed Blork the orc
  4584 | D:4      | Killed Blork the orc
  4805 | D:4      | Found a glowing silver altar of Zin.
  5316 | D:5      | Entered Level 5 of the Dungeon
  5500 | D:5      | Found a white marble altar of Elyvilon.
  5729 | D:5      | Identified a +1 pair of boots of running (You found it on level 5 of the Dungeon)
  5762 | D:5      | Reached XP level 8. HP: 52/52 MP: 12/18
  6253 | D:5      | Got a steaming long sword
  6257 | D:5      | Identified the cursed +7,-1 long sword "Skaiqios" {slice, Str+2 Int+2 Stlth--} (You found it on level 5 of the Dungeon)
  6538 | D:6      | Learned a level 6 spell: Invisibility
  6664 | D:6      | Reached skill level 5 in Stealth
  6755 | D:6      | Found a glowing drain.
  6793 | Sewer    | Entered a sewer
  7062 | Sewer    | Found a glowing silver altar of Zin.
  7184 | D:6      | Found a staircase to the Ecumenical Temple.
  7195 | Temple   | Entered the Ecumenical Temple
  7336 | Temple   | Became a worshipper of Ashenzari the Shackled
  7707 | D:7      | Found a bloodstained altar of Trog.
  7891 | D:7      | Reached skill level 9 in Hexes
  8098 | D:7      | Found an ancient bone altar of Kikubaaqudgha.
  8205 | D:7      | Reached XP level 9. HP: 37/57 MP: 11/20
  8812 | D:8      | Reached skill level 10 in Hexes
  9286 | D:8      | Reached skill level 10 in Short Blades
  9349 | D:8      | Noticed Prince Ribbit
  9353 | D:8      | Killed Prince Ribbit
  9353 | D:8      | Reached skill level 1 in Fighting
  9353 | D:8      | Reached skill level 11 in Hexes
 10035 | D:9      | Reached skill level 12 in Hexes
 10103 | D:9      | Reached XP level 10. HP: 65/65 MP: 16/21
 10137 | D:9      | Reached skill level 5 in Dodging
 10581 | D:9      | Learned a level 2 spell: Repel Missiles
 10584 | D:9      | Learned a level 2 spell: Swiftness
 10804 | D:10     | Entered Level 10 of the Dungeon
 10869 | D:10     | Reached skill level 13 in Hexes
 10869 | D:10     | Reached skill level 1 in Charms
 11440 | D:10     | Reached skill level 5 in Spellcasting
 11477 | D:10     | Found Woikir's Antique Weapon Shop.
 11570 | D:10     | Noticed a hill giant
 11581 | D:10     | Noticed a hill giant
 11639 | D:10     | Killed a hill giant
 11807 | D:11     | Noticed a hill giant
 11829 | D:11     | Killed a hill giant
 11829 | D:11     | Reached XP level 11. HP: 38/70 MP: 24/24
 11876 | D:11     | Found a labyrinth entrance.
 11899 | Lab      | Entered a labyrinth
 12113 | Lab      | Noticed a minotaur
 12249 | Lab      | Killed a minotaur
 12305 | Lab      | Identified the +3,+9 dagger "Buukk" {stab, Str+2} (You found it in a labyrinth)
 12305 | Lab      | Got the whip of Pherufes {freeze, rElec rF++ Dex-1}
 12305 | Lab      | Identified the Papyrus of the Helpful Voyage (You found it in a labyrinth)
 12305 | Lab      | Identified the Catalogue of the Compass and Good Luck (You found it in a labyrinth)
 12745 | D:11     | Found Marufues' Magic Scroll Emporium.
 12785 | D:11     | Noticed a cyclops
 13099 | D:11     | Noticed a hill giant
 13113 | D:11     | Killed a hill giant
 13760 | D:11     | Bought a scroll of acquirement for 676 gold pieces
 13795 | D:11     | Identified a cursed +0 cloak of preservation (You acquired it on level 11 of the Dungeon)
 14010 | D:11     | Found a staircase to the Orcish Mines.
 14147 | D:11     | Killed a cyclops
 14252 | D:12     | Reached skill level 10 in Stealth
 14271 | D:12     | Acquired Ashenzari's first power
 14271 | D:12     | Identified the +2,+3 whip of Pherufes {freeze, rElec rF++ Dex-1} (You found it in a labyrinth)
 14298 | D:12     | Identified the +5,+6 quarterstaff "Davvyag" {drain, rF+ rC+ Str+3}
 14309 | D:12     | Noticed a five-headed hydra
 14334 | D:12     | Killed a five-headed hydra
 14334 | D:12     | Reached skill level 10 in Dodging
 14406 | D:12     | Noticed a hill giant
 14420 | D:12     | Killed a hill giant
 14476 | D:12     | Noticed Fannar
 14483 | D:12     | Killed Fannar
 14483 | D:12     | Reached XP level 12. HP: 74/74 MP: 25/25
 15415 | D:13     | Reached skill level 14 in Stealth
 15465 | D:13     | Found a staircase to the Lair.
 15846 | D:13     | Reached skill level 15 in Stealth
 15954 | D:13     | Gained mutation: You can spit poison. [potion of mutation]
 15954 | D:13     | Gained mutation: You are weak (Str -1). [potion of mutation]
 16188 | D:13     | Identified the +2,+9 sling "Asesoi" {venom, +Fly rElec rC++ Str-3}
 16469 | Lair:1   | Entered Level 1 of the Lair of Beasts
 16530 | Lair:1   | Noticed a six-headed hydra
 16540 | Lair:1   | Killed a six-headed hydra
 16733 | Lair:1   | Reached XP level 13. HP: 76/76 MP: 27/27
 16851 | Lair:1   | Noticed Harold
 16863 | Lair:1   | Killed Harold
 16886 | Lair:1   | Identified the ring "Kixoujaf" {Str+3 Int+3}
 17252 | Lair:2   | Acquired Ashenzari's second power
 17292 | Lair:2   | Reached skill level 5 in Charms
 17824 | Lair:2   | Identified the cursed -5 robe of Misfortune {-Cast Contam *Tele EV-4 Str-2 Dex-2 Int-2 Stlth-- Curse}
 18267 | Lair:3   | Learned a level 6 spell: Mass Confusion
 18347 | Lair:3   | Found a staircase to the Snake Pit.
 18562 | Lair:3   | Noticed Gastronok
 18667 | Lair:3   | Killed Gastronok
 19119 | Lair:4   | Found a hole to the Spider Nest.
 19213 | Lair:4   | Acquired Ashenzari's third power
 19294 | Lair:4   | Found a staircase to the Shoals.
 19520 | Lair:4   | the hole to the Spider Nest was a mimic.
 20322 | Lair:5   | Noticed Rupert
 20329 | Lair:5   | Killed Rupert
 20550 | Lair:6   | Identified the cursed +0,-2 glaive of the Tooth {chop, rC++ MR++ Str-2}
 20641 | Lair:6   | Acquired Ashenzari's fourth power
 20734 | Lair:6   | Reached XP level 14. HP: 87/87 MP: 21/31
 21342 | Lair:7   | Reached skill level 16 in Stealth
 21546 | Lair:7   | Reached skill level 17 in Stealth
 21919 | Lair:8   | Entered Level 8 of the Lair of Beasts
 22022 | Lair:8   | Reached skill level 18 in Stealth
 22157 | Lair:8   | Found a dark tunnel.
 22162 | Lair:8   | Got the uncursed pair of gloves of the Present {Str+2 Dex+4}
 22167 | Lair:8   | Identified the +0 pair of gloves of the Present {Str+2 Dex+4} (You found it on level 8 of the Lair of Beasts)
 22178 | Volcano  | Entered a volcano
 22209 | Lair:8   | Found a staircase to the Slime Pits.
 22215 | Lair:8   | Reached skill level 19 in Stealth
 22274 | Lair:8   | Reached skill level 10 in Spellcasting
 22330 | Lair:8   | Paralysed by a potion of paralysis for 2 turns
 22893 | Lair:1   | Learned a level 3 spell: Flight
 22898 | Lair:1   | Learned a level 4 spell: Control Teleport
 22969 | Orc:1    | Entered Level 1 of the Orcish Mines
 22969 | Orc:1    | Found Suntut's Magic Scroll Shop.
 23336 | Orc:1    | Reached skill level 1 in Ice Magic
 23523 | Orc:2    | Reached skill level 1 in Air Magic
 23969 | Orc:4    | Entered Level 4 of the Orcish Mines
 24127 | Orc:4    | Found a staircase to the Elven Halls.
 24186 | Orc:4    | Found a burning altar of Makhleb.
 24255 | Orc:4    | Paralysed by an ogre mage for 4 turns
 24617 | Orc:4    | Found Qusupri's Armour Boutique.
 24618 | Orc:4    | Found Tyojux's Assorted Antiques.
 24621 | Orc:4    | Found Phagala's Gadget Emporium.
 24622 | Orc:4    | Found Skuvvil's Magical Wand Boutique.
 24805 | Orc:3    | Found a shimmering altar of Xom.
 24914 | Orc:3    | Found a roughly hewn altar of Beogh.
 24929 | Orc:3    | Reached XP level 15. HP: 76/90 MP: 27/32
 25134 | D:12     | Reached skill level 1 in Throwing
 25260 | D:14     | Entered Level 14 of the Dungeon
 25276 | D:14     | Reached skill level 1 in Evocations
 25591 | D:14     | Noticed CryptoCactus' ghost (powerful LOFE)
 25603 | D:14     | Killed CryptoCactus' ghost
 25741 | D:14     | Reached skill level 1 in Shields
 25841 | D:15     | Entered Level 15 of the Dungeon
 25909 | D:15     | Found a portal to a secret trove of treasure.
 26239 | D:15     | Found Ipsitolac's General Store.
 26356 | D:15     | Found a glowing golden altar of the Shining One.
 26681 | D:16     | Found a staircase to the Vaults.
 26919 | D:16     | Noticed Aizul
 26988 | D:16     | Killed Aizul
 26994 | D:16     | Reached skill level 5 in Shields
 27161 | D:16     | Found an ancient bone altar of Kikubaaqudgha.
 27188 | D:16     | Noticed Azrael
 27269 | D:16     | Killed Azrael
 27611 | D:16     | Noticed Roxanne
 28050 | D:17     | Found Shroi's Weapon Shoppe.
 28326 | D:17     | Noticed an acid blob
 28327 | D:17     | Noticed an acid blob
 29624 | D:17     | Reached XP level 16. HP: 97/97 MP: 33/33
 29666 | D:17     | Reached skill level 10 in Shields
 29792 | D:18     | Noticed Frances
 29796 | D:18     | Killed Frances
 30060 | D:18     | Identified a +1 rod of the swarm (9/9) (You took it off a stone giant on level 18 of the Dungeon)
 30090 | D:18     | Learned a level 6 spell: Haste
 30973 | Snake:1  | Entered Level 1 of the Snake Pit
 30983 | Snake:1  | Noticed Nergalle
 30999 | Snake:1  | Killed Nergalle
 31580 | Snake:1  | Found a glowing silver altar of Zin.
 31957 | Snake:2  | Reached skill level 10 in Charms
 32389 | Snake:2  | Identified the cursed -4,-1 short sword of the Six Eyes {venom, Str+1}
 32926 | Snake:3  | Noticed Norris
 33296 | Snake:4  | Noticed Lamia
 33899 | Snake:4  | Killed Lamia
 33899 | Snake:4  | Reached skill level 15 in Hexes
 34392 | Snake:4  | Upgraded the game from 0.13-a0-2586-gd3544ab to 0.13-a0-2590-g8c14591
 34446 | Snake:5  | Entered Level 5 of the Snake Pit
 34921 | Vaults:1 | Entered Level 1 of the Vaults
 35611 | Vaults:1 | Reached skill level 20 in Stealth
 35905 | Vaults:1 | Reached XP level 17. HP: 100/102 MP: 29/34
 36055 | Vaults:1 | Found Estrie Strekof's Food Emporium.
 36395 | Vaults:1 | Reached skill level 21 in Stealth
 37664 | Vaults:2 | Reached skill level 22 in Stealth
 37723 | Vaults:2 | Found a staircase to the Crypt.
 37876 | Vaults:2 | the staircase to the Enchanted Forest was a mimic.
 38289 | Vaults:2 | Identified the +3 scale mail of Ligiqin {rC+}
 38310 | Vaults:2 | Reached skill level 5 in Fighting
 38339 | Vaults:2 | Identified the cursed +0 ring mail "Ditupp" {rElec Acc+6 Dam+4}
 38981 | Vaults:2 | HP: 5/108 [centaur warrior/arrow (3)]
 39355 | Vaults:2 | Noticed a tentacled monstrosity
 39633 | Vaults:2 | Killed a tentacled monstrosity
 40499 | Vaults:3 | Noticed Jory
 40507 | Vaults:3 | Killed Jory
 40507 | Vaults:3 | Reached XP level 18. HP: 117/117 MP: 35/35
 42361 | Vaults:2 | Reached skill level 15 in Dodging
 42659 | Lair:1   | Learned a level 5 spell: Silence
 42793 | Elf:1    | Entered Level 1 of the Elven Halls
 42823 | Elf:1    | Found Grobbasare's Book Shoppe.
 42854 | Elf:1    | Found Relingix's Armour Boutique.
 42855 | Elf:1    | Identified the cursed -5 ring mail of the Old World {Int+2 SInv}
 42860 | Elf:1    | Bought the +2 hat of the Alchemist {rElec rF+ rC+ MR+} for 1464 gold pieces
 43321 | Elf:1    | Found Khaehac's Antique Weapon Emporium.
 43346 | Elf:1    | Noticed Nikola
 43351 | Elf:1    | Killed Nikola
 43425 | Elf:1    | Found Kiufin's Antique Weapon Shoppe.
 43712 | Elf:2    | Noticed Agnes
 43722 | Elf:2    | Killed Agnes
 43798 | Elf:2    | Found a deep blue altar of Sif Muna.
 43798 | Elf:2    | Noticed Wiglaf
 43860 | Elf:2    | Killed Wiglaf
 44199 | Elf:2    | Reached skill level 23 in Stealth
 44199 | Elf:2    | Reached XP level 19. HP: 118/123 MP: 36/36
 44861 | Elf:2    | Noticed Snorg
 44882 | Elf:2    | Noticed a Brimstone Fiend
 45241 | Elf:2    | Killed Snorg
 45312 | Elf:2    | Got an uncursed ancient ruby amulet
 45313 | Elf:2    | Identified the amulet "Doscho Pheg" {Ward Str+2 Dex+1} (You took it off a deep elf summoner on level 2 of the Elven Halls)
 45383 | Elf:3    | Entered Level 3 of the Elven Halls
 45438 | Elf:3    | Found a flickering gateway to a bazaar.
 45459 | Bazaar   | Entered a bazaar
 45459 | Bazaar   | Found Pynehen's Distillery.
 45459 | Bazaar   | Found Bruy's Book Shoppe.
 45463 | Bazaar   | Found Toew's Magical Wand Shoppe.
 45476 | Bazaar   | Found Wiodekhle's Magic Scroll Emporium.
 45489 | Bazaar   | Bought a potion of curing for 14 gold pieces
 45514 | Bazaar   | Bought a scroll of magic mapping for 38 gold pieces
 45514 | Bazaar   | Bought a scroll of identify for 22 gold pieces
 45514 | Bazaar   | Bought a scroll of identify for 22 gold pieces
 45514 | Bazaar   | Bought a scroll of fog for 22 gold pieces
 45527 | Bazaar   | Bought a scroll of torment for 82 gold pieces
 46147 | Elf:3    | JacquesDerrida: Хе-хе
 46147 | Elf:3    | JacquesDerrida: Сейчас помру
 46147 | Elf:3    | JacquesDerrida: Не зря нашел шляпу алхимика
 46151 | Elf:3    | stonewall: С салом?
 46163 | Elf:3    | Identified the cursed -5 ring mail of Bliattir {Int+3}
 46170 | Elf:3    | Identified a +2 pair of boots of running
 46174 | Elf:3    | JacquesDerrida: Вот это да!
 46658 | Elf:3    | Reached skill level 5 in Evocations
 46682 | Elf:3    | Reached XP level 20. HP: 99/130 MP: 29/37
 46771 | Elf:3    | Got the lajatang of the Dwarven Hall {freeze, *Rage +Rage Dex+1}
 46808 | Elf:3    | Identified the +4,+0 lajatang of the Dwarven Hall {freeze, *Rage +Rage Dex+1} (You found it on level 3 of the Elven Halls)
 46869 | Elf:3    | Identified the Compendium of Good Luck (You found it on level 3 of the Elven Halls)
 46910 | Elf:3    | Identified a +2 rod of warding (9/9) (You found it on level 3 of the Elven Halls)
 47124 | Elf:3    | Noticed Louise
 47133 | Elf:3    | Killed Louise
 47763 | Lair:1   | Learned a level 8 spell: Discord
 48253 | Elf:1    | Bought a book of Spatial Translocations for 845 gold pieces
 48261 | Elf:1    | Learned a level 2 spell: Blink
 48267 | Elf:1    | Learned a level 1 spell: Apportation
 48681 | D:19     | Got the great sword of Plunder {flame, rC+}
 49880 | Vaults:4 | Identified the ring of the Shining Light {+Rage rElec Dex+3}
 50357 | Vaults:4 | Got the lajatang "Wahucw" {flame, +Inv rC++}
 50359 | Vaults:4 | Identified the +5,+2 lajatang "Wahucw" {flame, +Inv rC++} (You found it on level 4 of the Vaults)
 50359 | Vaults:4 | Identified the +6,+8 great sword of Plunder {flame, rC+} (You found it on level 19 of the Dungeon)
 50371 | Vaults:4 | Found a staircase to the Hall of Blades.
 51503 | Vaults:5 | Entered Level 5 of the Vaults
 51503 | Vaults:5 | Noticed an ancient lich
 51529 | Vaults:5 | Killed an ancient lich
 52858 | Vaults:5 | Reached XP level 21. HP: 138/138 MP: 19/39
 53264 | Vaults:5 | Identified a rod of venom (You took it off an ogre mage on level 5 of the Vaults)
 53293 | Vaults:5 | Identified the +4 chain mail of Acatuun {Dex+5 Acc+3}
 53293 | Vaults:5 | Identified the +6 plate armour "Preqearr" {Dex+3 Int+2}
 53703 | Vaults:5 | JacquesDerrida: well that was stupid
 55484 | Vaults:5 | Got a silver rune of Zot
 55763 | Vaults:5 | Reached skill level 10 in Evocations
 55873 | Vaults:5 | Found Theiz's General Store.
 57097 | Vaults:5 | Upgraded the game from 0.13-a0-2590-g8c14591 to 0.13-a0-2600-g811f1de
 57438 | Lair:1   | Learned a level 3 spell: Flight
 57444 | Lair:1   | Learned a level 5 spell: Silence
 58088 | D:19     | Reached skill level 5 in Throwing
 58510 | D:20     | Entered Level 20 of the Dungeon
 58591 | D:20     | Found Ghiele's Antique Weapon Shoppe.
 59101 | D:21     | Found a gateway to Hell.
 59173 | D:21     | Noticed floatRand's ghost (mighty DjFi)
 59685 | D:21     | Reached XP level 22. HP: 146/146 MP: 37/39
 60007 | D:21     | Killed floatRand's ghost
 60520 | D:22     | Found a deep blue altar of Sif Muna.
 61018 | D:22     | Found a one-way gate to the infinite horrors of the Abyss.
 61463 | D:23     | Identified the +1 plate armour "Inepp" {Acc+3 Stlth++}
 61484 | D:23     | Noticed Frederick
 61529 | D:23     | Killed Frederick
 62052 | D:24     | Reached skill level 10 in Throwing
 62713 | D:24     | Found a one-way gate leading to the halls of Pandemonium.
 63197 | D:24     | Gained mutation: Your magical capacity is low (-10% MP). [mutagenic glow]
 63785 | D:25     | Entered Level 25 of the Dungeon
 63818 | D:24     | Gained mutation: Armour fits poorly on your strangely shaped body. [mutagenic glow]
 65033 | D:26     | Identified the cursed -5 scale mail "Inosemm" {rC+}
 65287 | D:25     | Upgraded the game from 0.13-a0-2600-g811f1de to 0.13-a0-2606-g170388b
 65610 | D:26     | Reached XP level 23. HP: 82/152 MP: 14/36
 66721 | D:27     | Entered Level 27 of the Dungeon
 66880 | D:27     | Reached skill level 10 in Fighting
 67432 | D:27     | Lost mutation: You are weak (Str -1). [potion of beneficial mutation]
 69257 | Blade    | Entered the Hall of Blades
 69874 | Crypt:1  | Entered Level 1 of the Crypt
 70365 | Lair:1   | Learned a level 2 spell: Fire Brand
 70506 | Elf:1    | Bought a book of War Chants for 520 gold pieces
 70511 | Elf:1    | Learned a level 2 spell: Freezing Aura
 71384 | Orc:1    | Bought 3 scrolls of amnesia for 214 gold pieces
 71384 | Orc:1    | Bought a scroll of recharging for 71 gold pieces
 71472 | Lair:1   | Learned a level 5 spell: Warp Weapon
 71575 | Shoals:1 | Entered Level 1 of the Shoals
 71677 | Shoals:1 | Reached skill level 1 in Translocations
 71764 | Shoals:1 | Noticed Urug
 71772 | Shoals:1 | Killed Urug
 71789 | Shoals:1 | Found an iron altar of Okawaru.
 71971 | Shoals:2 | Identified the +1 large shield of Courage {-Cast +Rage rPois rF++ rN+}
 71976 | Shoals:2 | Found Inuudoam's Armour Boutique.
 71996 | Shoals:2 | Bought a +1 pearl dragon armour for 2747 gold pieces
 72802 | Shoals:5 | Entered Level 5 of the Shoals
 73274 | Shoals:5 | Noticed Ilsuiw
 73280 | Shoals:5 | Killed Ilsuiw
 73281 | Shoals:5 | Reached skill level 5 in Translocations
 73291 | Shoals:5 | Reached XP level 24. HP: 171/171 MP: 30/36
 73858 | Shoals:5 | Reached skill level 5 in Air Magic
 73873 | Shoals:5 | Got a barnacled rune of Zot
 74573 | Slime:1  | Entered Level 1 of the Pits of Slime
 75716 | Crypt:2  | Noticed winlu's ghost (mighty DsBe)
 75971 | Crypt:2  | Banished winlu's ghost
 76383 | Crypt:3  | Noticed Jorgrun
 76391 | Crypt:3  | Killed Jorgrun
 76420 | Crypt:3  | Noticed Donald
 76427 | Crypt:3  | Killed Donald
 76476 | Crypt:3  | Noticed Boris
 76495 | Crypt:3  | Killed Boris
 77022 | Crypt:3  | Found a staircase to the Tomb.
 78188 | Snake:3  | Banished Norris
 79742 | Snake:5  | JacquesDerrida: Xe-xe
 79742 | Snake:5  | JacquesDerrida: Интересно, а можно ли за вампира пройти все
 79742 | Snake:5  | JacquesDerrida: Решил не выходить, а забрать сферу
 79742 | Snake:5  | stonewall: можно
 79742 | Snake:5  | JacquesDerrida: Жызней нет
 79742 | Snake:5  | JacquesDerrida: Стелса тоже мало
 79742 | Snake:5  | JacquesDerrida: Даже в кожаной броне!
 79742 | Snake:5  | JacquesDerrida: Полного желудка крови на 1-2 регена хватает
 79742 | Snake:5  | JacquesDerrida: Нипанятна
 79742 | Snake:5  | stonewall: я из коцита забирал руну тупо пролетая мышью в бладлесс форме
 79742 | Snake:5  | JacquesDerrida: Точно, мышь
 79742 | Snake:5  | JacquesDerrida: Ой, я щас
 79742 | Snake:5  | JacquesDerrida: Секунду
 79742 | Snake:5  | stonewall: хотя там повезло с концовкой
 79742 | Snake:5  | JacquesDerrida: Тыдыц
 79748 | Snake:5  | JacquesDerrida: Ого
 79748 | Snake:5  | JacquesDerrida: телепорт не сразу схлопывается
 80271 | Snake:5  | Got a serpentine rune of Zot
 80739 | Lair:1   | JacquesDerrida: Удачненько под конец игры попался
 80741 | Lair:1   | stonewall: Что за шуба?
 80741 | Lair:1   | JacquesDerrida: Неудачливая
 80757 | Lair:1   | stonewall: А
 80761 | Lair:1   | JacquesDerrida: Не полетаешь, однако
 80788 | Lair:1   | JacquesDerrida: Жаль, что не перекастовать D: D: D:
 80799 | Lair:1   | JacquesDerrida: Может попробовать желе убить
 80799 | Lair:1   | JacquesDerrida: Но не убью ведь (((
 80805 | Lair:1   | Learned a level 4 spell: Enslavement
 80809 | Lair:1   | JacquesDerrida: 15 в блоугане хватит, чтобы его парализовать?
 80969 | Slime:1  | stonewall: Вряд ли
 80978 | Slime:1  | JacquesDerrida: D:
 80978 | Slime:1  | stonewall: Давай zofy-way
 80978 | Slime:1  | JacquesDerrida: Лучше вообще не идти
 80978 | Slime:1  | stonewall: Энслейвь глаз
 80978 | Slime:1  | JacquesDerrida: У меня и тров от обблеванной руны работает
 80978 | Slime:1  | JacquesDerrida: А если глаза не будет?
 80978 | Slime:1  | stonewall: Будет
 80989 | Slime:2  | stonewall: Оставь
 80991 | Slime:3  | stonewall: На всякий случай
 81160 | Slime:4  | JacquesDerrida: От мутаций ничего нет
 81160 | Slime:4  | JacquesDerrida: D: D: D:
 81434 | Slime:4  | JacquesDerrida: Ни от чего ничего нет
 81440 | Slime:5  | JacquesDerrida: Чет они все неуязвимые
 81623 | Slime:6  | Entered Level 6 of the Pits of Slime
 81729 | Slime:6  | Found a viscous altar of Jiyva.
 81729 | Slime:6  | Noticed the royal jelly
 81824 | Slime:6  | JacquesDerrida: Ого
 81824 | Slime:6  | JacquesDerrida: Апасна
 81831 | Slime:6  | Identified the +4 scale mail of the Lost Path {Str-4 Int+3}
 81832 | Slime:6  | JacquesDerrida: Yay
 81832 | Slime:6  | stonewall: Неплохо
 81832 | Slime:6  | JacquesDerrida: Упс
 81833 | Slime:6  | stonewall: Ванды?
 81833 | Slime:6  | stonewall: О, фиалы
 81833 | Slime:6  | Killed the royal jelly
 81833 | Slime:6  | Reached XP level 25. HP: 105/173 MP: 28/41
 81842 | Slime:6  | Got a slimy rune of Zot
 81867 | Slime:6  | Got an uncursed slimy iron amulet
 81868 | Slime:6  | Identified the amulet "Claor" {Cons Stlth++} (You found it on level 6 of the Pits of Slime)
 81868 | Slime:6  | JacquesDerrida: Нормально
 81868 | Slime:6  | JacquesDerrida: Для игры, где мне не попалось ни одного амулета
 81868 | Slime:6  | JacquesDerrida: Ну крмое пары
 81871 | Slime:6  | JacquesDerrida: Палку в музей хочется забрать!
 81924 | Slime:4  | Paralysed by a giant eyeball for 3 turns
 81933 | Slime:4  | Paralysed by a giant eyeball for 4 turns
 82122 | Lair:1   | JacquesDerrida: Чет мне ленится таким героем бегать у демонов
 82122 | Lair:1   | JacquesDerrida: Гори оно пламенем!
 82183 | Trove    | Entered a treasure trove
 82225 | Trove    | Got an uncursed warped marble ring
 82239 | Trove    | Identified the ring of the Little Devil {rPois SInv} (You found it in a treasure trove)
 82244 | Trove    | JacquesDerrida: Потрясающе
 82244 | Trove    | JacquesDerrida: Вещи специально для вампира энчантера
 82741 | Zot:1    | Entered Level 1 of the Realm of Zot
 82757 | Zot:1    | stonewall: Пан можно осилить
 83063 | Zot:1    | JacquesDerrida: Невесело
 83063 | Zot:1    | JacquesDerrida: Нельзя уничтожать всех в радиусе видимости
 83091 | Zot:1    | Reached skill level 15 in Evocations
 83650 | Zot:2    | JacquesDerrida: Хотя было бы лучше в радиусе невидимости
 83650 | Zot:2    | JacquesDerrida: Для добавления интереса
 83804 | Zot:4    | JacquesDerrida: Нууу
 83804 | Zot:4    | JacquesDerrida: Я и забыл, что летает!
 83804 | Zot:4    | JacquesDerrida: Не дают развлекаться!
 83804 | Zot:4    | JacquesDerrida: FAGETS
 83878 | Zot:5    | Entered Level 5 of the Realm of Zot
 84548 | Zot:5    | Noticed an ancient lich
 84577 | Zot:5    | Killed an ancient lich
 84770 | Zot:5    | Noticed an ancient lich
 84818 | Zot:5    | Noticed an ancient lich
 84859 | Zot:5    | Killed an ancient lich
 84971 | Zot:5    | JacquesDerrida: well fuck this, ninja style
 84971 | Zot:5    | JacquesDerrida: He-he
 85017 | Zot:5    | JacquesDerrida: shiiite
 85017 | Zot:5    | JacquesDerrida: Who cares
 85019 | Zot:5    | JacquesDerrida: oops
 85057 | Zot:5    | Noticed an ancient lich
 85057 | Zot:5    | Noticed an orb of fire
 85063 | Zot:5    | Noticed an orb of fire
 85078 | Zot:5    | JacquesDerrida: He-he
 85081 | Zot:5    | JacquesDerrida: Call the police!
 85081 | Zot:5    | JacquesDerrida: We have an emergency
 85083 | Zot:5    | JacquesDerrida: D: D: D:
 85087 | Zot:5    | Noticed an ancient lich
 85088 | Zot:5    | JacquesDerrida: berserk guardians are nice
 85089 | Zot:5    | Annihilated by an Orb Guardian

Action                   |  1- 3 |  4- 6 |  7- 9 | 10-12 | 13-15 | 16-18 | 19-21 | 22-24 | 25-27 || total
-------------------------+-------+-------+-------+-------+-------+-------+-------+-------+-------++-------
Melee: Dagger            |   104 |   163 |   497 |   504 |  1128 |   933 |  1249 |   887 |       ||  5465
       Quick blade       |       |       |       |       |       |       |       |  1156 |   258 ||  1414
Throw: Dart              |       |       |     2 |     3 |       |       |       |       |       ||     5
 Cast: Corona            |     2 |       |       |     1 |       |       |       |       |       ||     3
       Ensorcelled Hiber |    15 |    28 |   118 |   100 |   200 |   197 |    59 |   145 |     3 ||   865
       Confuse           |       |    14 |    23 |    37 |    35 |    74 |   175 |   200 |    12 ||   570
       Invisibility      |       |       |       |    20 |    26 |    29 |    33 |    44 |     5 ||   157
       Swiftness         |       |       |       |     3 |       |     7 |     3 |     1 |     2 ||    16
       Repel Missiles    |       |       |       |     4 |     4 |     8 |    12 |    11 |     1 ||    40
       Mass Confusion    |       |       |       |       |    18 |    19 |    10 |    16 |       ||    63
       Haste             |       |       |       |       |       |     1 |     9 |    18 |     7 ||    35
       Silence           |       |       |       |       |       |       |    14 |       |     2 ||    16
       Discord           |       |       |       |       |       |       |    13 |       |       ||    13
       Control Teleport  |       |       |       |       |       |       |     8 |       |       ||     8
       Blink             |       |       |       |       |       |       |     3 |       |       ||     3
       Flight            |       |       |       |       |       |       |       |    42 |     3 ||    45
       Warp Weapon       |       |       |       |       |       |       |       |    24 |     4 ||    28
       Freezing Aura     |       |       |       |       |       |       |       |     2 |     1 ||     3
       Enslavement       |       |       |       |       |       |       |       |     2 |       ||     2
       Fire Brand        |       |       |       |       |       |       |       |     1 |     4 ||     5
Invok: Scrying           |       |       |       |       |     2 |     3 |    10 |     2 |     1 ||    18
 Abil: Bottle Blood      |       |     1 |       |     2 |     5 |     1 |       |     1 |       ||    10
       Bat Form          |       |       |       |       |       |       |       |     3 |     2 ||     5
       End Transformatio |       |       |       |       |       |       |       |     3 |     1 ||     4
Evoke: Wand              |       |       |     2 |    17 |     3 |     7 |     7 |     5 |     2 ||    43
       Miscellaneous     |       |       |       |       |     3 |     3 |    12 |    16 |     1 ||    35
       Rod               |       |       |       |       |       |       |     5 |     2 |       ||     7
  Use: Potion            |       |     6 |     3 |    12 |    18 |    15 |     8 |     6 |     7 ||    75
       Scroll            |       |       |    18 |    17 |     9 |    19 |    31 |    36 |    11 ||   141
 Stab: Sleeping          |    13 |    24 |    78 |   139 |   280 |   259 |   139 |   374 |    24 ||  1330
       Distracted        |       |     1 |       |     1 |     8 |     4 |    18 |    17 |       ||    49
       Confused          |       |     4 |    10 |    11 |    21 |    46 |    67 |    89 |     2 ||   250
       Invisible         |       |       |       |    33 |    60 |    36 |    80 |    88 |    14 ||   311
       Fleeing           |       |       |       |       |       |       |     2 |       |     1 ||     3
